 Dungeon Crawl Stone Soup version 0.30-a0-782-ge64f9170bb (webtiles) character file.

Game seed: 7112919963231134620

196 Dirtsage the Chopper (level 5, -9/43 HPs)
             Began as a Demonspawn Fighter on Mar 15, 2023.
             Killed by nerve-wracking pain
             ... invoked by an orc priest
              (12 damage)
             ... on level 3 of the Dungeon.
             The game lasted 00:04:45 (1894 turns).

Dirtsage the Chopper (Demonspawn Fighter)           Turns: 1894, Time: 00:04:46

Health: -9/43      AC: 17    Str: 19    XL:     5   Next: 46%
Magic:  5/5        EV:  5    Int:  9    God:
Gold:   112        SH:  5    Dex: 18    Spells: 4/4 levels left

rFire   . . .      SeeInvis .    a - +0 war axe
rCold   . . .      Faith    .    c - +0 buckler
rNeg    . . .      Spirit   .    i - +0 plate armour
rPois   .          Reflect  .    n - +0 helmet
rElec   .          Harm     .    k - +2 cloak
rCorr   .          Rampage  .    (no gloves)
Will    .....                    (no boots) Stlth
                                 (no amulet)
HPRegen 0.27/turn                h - +6 ring of dexterity
MPRegen 0.09/turn                (no ring)

@: no status effects
A: rugged brown scales 2, powered by death 1
a: no special abilities


You were on level 3 of the Dungeon.
You visited 1 branch of the dungeon, and saw 3 of its levels.

You collected 112 gold pieces.

Inventory:

Hand Weapons
 a - a +0 war axe (weapon)
Armour
 b - a +0 scale mail
 c - a +0 buckler (worn)
 i - a +0 plate armour (worn)
 k - a +2 cloak (worn)
 m - an orb of wrath
 n - a +0 helmet (worn)
Jewellery
 h - a +6 ring of dexterity (left hand)
Wands
 s - a wand of roots (2)
Scrolls
 e - a scroll of blinking {unknown}
 j - 2 scrolls of identify {unknown}
 o - a scroll of enchant weapon {unknown}
Potions
 d - a potion of might
 f - 2 potions of curing {unknown}
 g - a potion of haste {unknown}
 l - 2 potions of flight {unknown}
 p - a potion of resistance {unknown}
 q - a potion of berserk rage {unknown}
 r - a potion of heal wounds {unknown}


   Skills:
 - Level 3.0 Fighting
 + Level 5.3 Axes
 - Level 2.6 Armour
 - Level 2.6 Shields


You had 4 spell levels left.
You didn't know any spells.
Your spell library contained the following spells:

 Spells                   Type           Power      Damage    Failure   Level
 Magic Dart               Conj           0%         1d3       100%        1
 Slow                     Hex            0%         N/A       100%        1
 Call Imp                 Summ           0%         N/A       100%        2
 Confusing Touch          Hex            0%         N/A       100%        3
 Mephitic Cloud           Conj/Pois/Air  0%         N/A       100%        3
 Vampiric Draining        Necr           0%         2d6       100%        3


Dungeon Overview and Level Annotations

Branches:
Dungeon (3/15)

Altars:

Shops:
D:2 :


Innate Abilities, Weirdness & Mutations

You are mostly covered in rugged brown scales. (AC +2, +5% HP)
You regenerate a little health from kills.


Message History

Beogh smites you! You block the orc's attack.
You take 11 damage, and have 28/43 hp.
MASSIVE DAMAGE!!
You hit the orc.
The orc is heavily wounded.
A quokka comes into view.
The orc priest calls down the wrath of Beogh upon you.
Pain shoots through your body! The orc hits you with a +0 trident.
You take 4 damage, and have 24/43 hp.
The orc attacks as you move away! The orc hits you but does no damage.
The orc barely misses you.
You slash the orc priest!
The orc priest is almost dead.
The orc priest hits you but does no damage.
You block the orc's attack. The orc hits you but does no damage.
The orc priest calls down the wrath of Beogh upon you.
Beogh smites you!
* * * LOW HITPOINT WARNING * * *
You take 13 damage, and have 11/43 hp.
MASSIVE DAMAGE!!
You hit the orc priest but do no damage.
The orc priest is almost dead.
The orc priest hits you but does no damage.
The orc hits you but does no damage.
You closely miss the orc priest.
The orc priest is almost dead.
The orc priest begins to cast a cantrip, but forgets the words!
The orc closely misses you.
You closely miss the orc priest.
The orc priest is almost dead.
The orc priest hits you but does no damage.
The orc hits you but does no damage.
You closely miss the orc priest.
The orc priest is almost dead.
The orc priest hits you but does no damage.
The orc hits you from afar with a +0 trident.
* * * LOW HITPOINT WARNING * * *
The orc hits you from afar with a +0 trident.
* * * LOW HITPOINT WARNING * * *
The orc priest invokes the aid of Beogh against you.
Pain shoots through your body!
You die...

..... #...# #
###..########...######
oo...................#
#................ .##
##..........)...# ....
#.#####...###### .....
#.# #...# #
.....r####.# #...#
#..oo.@o.# #...#
#.#o###### #...# ..
###########.## #.
#.......# #.# #
#.......# #.#
##.####..###.#######
#..................#
#..#.....#.#.##.##.#
#.)......#......##.#


You could see an orc priest, 3 orcs and a quokka.

Vanquished Creatures
  Ijyb (D:3)
  Natasha (twice) (D:2)
  Robin (D:2)
  2 adders
  A dart slug (D:1)
  5 endoplasms
  5 giant cockroaches
  17 goblins
  12 hobgoblins
  10 jackals
  5 quokkas
  3 ball pythons
  2 bats
  3 frilled lizards
  5 kobolds
  7 rats
81 creatures vanquished.

Notes
Turn   | Place    | Note
-------+----------+-------------------------------------------
     0 | D:1      | Dirtsage the Demonspawn Fighter began the quest for the
                  | Orb.
     0 | D:1      | Reached XP level 1. HP: 18/18 MP: 1/1
    46 | D:1      | Reached skill level 2 in Axes
   111 | D:1      | Gained mutation: You regenerate a little health from kills.
                  | [demonic ancestry]
   111 | D:1      | Reached XP level 2. HP: 22/24 MP: 2/2
   305 | D:1      | Reached skill level 3 in Axes
   441 | D:1      | Gained mutation: You are partially covered in rugged brown
                  | scales. (AC +1, +3% HP) [demonic ancestry]
   441 | D:1      | Reached XP level 3. HP: 24/29 MP: 3/3
   532 | D:2      | Noticed Natasha
   582 | D:2      | Killed Natasha
   802 | D:2      | Reached XP level 4. HP: 36/36 MP: 4/4
   809 | D:2      | Reached skill level 4 in Axes
   937 | D:2      | Noticed Robin
   966 | D:2      | Killed Robin
  1021 | D:2      | Found a faded altar of an unknown god.
  1167 | D:2      | Found Ylukhlur's Book Shop.
  1219 | D:2      | Noticed Natasha
  1226 | D:2      | Killed Natasha
  1227 | D:2      | Gained mutation: You are mostly covered in rugged brown
                  | scales. (AC +2, +5% HP) [demonic ancestry]
  1227 | D:2      | Reached XP level 5. HP: 33/43 MP: 5/5
  1515 | D:3      | Noticed Ijyb
  1550 | D:3      | Killed Ijyb
  1551 | D:3      | Reached skill level 5 in Axes
  1894 | D:3      | Killed from afar by an orc priest

Illustrated notes

Levels and vault maps discovered:
D:1:      saegor_arrival_simple_e, layout_basic, minmay_indecisive_spiral
D:2:      layout_loops_ring, serial_shops, shop, ebering_ecumenical_altar_webs,
          grunt_decor_cap, uniq_robin, uniq_natasha
D:3:      layout_loops_cross, old_standard_altar, nicolae_elyvilon_temple_path,
          nicolae_goblin_pals

Skill      XL: |  1  2  3  4  5 |
---------------+----------------+-----
Axes           | 2 3 4 5 |  5.3
Fighting       | |  3.0
Armour         | |  2.6
Shields        | |  2.6

Action                     |  1- 3 |  4- 6 || total
---------------------------+-------+-------++-------
  Melee: War axe           |   118 |   141 ||   259
 Armour: Scale mail        |    60 |     2 ||    62
         Plate armour      |       |   104 ||   104
  Dodge: Dodged            |    53 |    34 ||    87
  Block: Buckler           |    32 |    29 ||    61

Table legend: (Time is in decaauts)
 A = Elapsed time spent in this place.
 B = Non-inter-level travel time spent in this place.
 C = Inter-level travel time spent in this place.
 D = Time resting spent in this place.
 E = Time spent auto-exploring this place.
 F = Levels seen in this place.
 G = Mean time per level.
                   A        B        C        D        E       F      G
               +--------+--------+--------+--------+--------+-----+--------+
         Total |   2009 |   1956 |     53 |    104 |   1249 |   3 |  669.7 |
       Dungeon |   2009 |   1956 |     53 |    104 |   1249 |   3 |  669.7 |
               +--------+--------+--------+--------+--------+-----+--------+

Top non-repeatable levels by time:
     D:2: 989 daAuts
     D:1: 594 daAuts
     D:3: 425 daAuts
